 Dungeon Crawl Stone Soup version 0.28.0 (webtiles) character file.

Game seed: 1615228469158351976

124168 GrayStillPlays the Fighter (level 16, 0/147 HPs)
             Began as a Black Draconian Fighter on Feb 9, 2022.
             Was an Initiate of Gozag.
             Killed themself with a badly aimed orb of electricity (11 damage)
             ... on level 4 of the Swamp.
             The game lasted 02:05:58 (37353 turns).

GrayStillPlays the Fighter (DrFi)                  Turns: 37353, Time: 02:05:59

Health: 0/147      AC: 19    Str: 21    XL:     16   Next: 38%
Magic:  0/30       EV: 20    Int: 13    God:    Gozag
Gold:   6777       SH:  8    Dex: 12    Spells: 19/35 levels left

rFire   + . .      SeeInvis .   y - +11 broad axe "Odako" {freeze, rElec rF+ Will+, axe}
rCold   + + .      Faith    .   j - +3 buckler {reflect}
rNeg    + . .      Spirit   +   (armour unavailable)
rPois   +          Reflect  +   C - +1 hat "Jonko" {+Inv Will+}
rElec   +          Harm     .   H - +2 cloak {Stlth+}
rCorr   +          Rampage  +   g - +2 pair of gloves
Will    +++..                   b - +2 pair of boots {rampage}
Stlth   +++.......              M - amulet of guardian spirit
HPRegen 0.34/turn               f - ring of Contention {rC++ rN+ rCorr Stlth+}
MPRegen 0.22/turn               G - ring "Lystriu" {rElec rPois EV+4}

@: gold aura, flying
A: breathe lightning, AC +9, unfitting armour, big wings, electricity
resistance, cold-blooded
a: Breathe Lightning, Renounce Religion, Evoke Invisibility, Potion Petition,
Call Merchant, Bribe Branch


You were on level 4 of the Swamp.
You worshipped Gozag.
Gozag was greatly pleased with you.
You visited 5 branches of the dungeon, and saw 25 of its levels.
You also visited: Gauntlet.

You collected 8027 gold pieces.
You spent 632 gold pieces at shops.
You paid 618 gold pieces to Gozag.


Innate Abilities, Weirdness & Mutations

You can breathe wild blasts of lightning.
Your glossy black scales are hard. (AC +9)
You cannot fit into any form of body armour.
Your large and strong wings let you fly.
You are resistant to electric shocks. (rElec)
You are cold-blooded and may be slowed by cold attacks.


   Skills:
 - Level 14.6 Fighting
 - Level 6.3(9.6) Axes
 - Level 11.2(11.8) Maces & Flails
 + Level 10.6 Dodging
 - Level 4.4 Shields
 + Level 10.1 Spellcasting
 - Level 6.0 Necromancy
 + Level 3.0 Translocations
 - Level 10.0 Transmutations
 + Level 13.3 Air Magic
 + Level 9.2 Evocations


You had 19 spell levels left.
You knew the following spells:

 Your Spells              Type           Power      Damage    Failure   Level
a - Ice Form              Ice/Tmut       19%        N/A       19%         4
b - Storm Form            Tmut/Air       18%        N/A       69%         7
c - Mephitic Cloud        Conj/Pois/Air  18%        N/A       7%          3
d - Blink                 Tloc           28%        N/A       6%          2

Your spell library contained the following spells:

 Spells                   Type           Power      Damage    Failure   Level
 Pain                     Necr           88%        1d8       1%          1
 Corpse Rot               Necr/Air       62%        N/A       1%          2
 Blade Hands              Tmut           16%        N/A       6%          5
 Foxfire                  Conj/Fire      24%        2x1d5     14%         1
 Magic Dart               Conj           24%        1d4       14%         1
 Summon Small Mammal      Summ           24%        N/A       14%         1
 Searing Ray              Conj           12%        2d4       22%         2
 Excruciating Wounds      Necr           11%        N/A       32%         5
 Conjure Flame            Conj/Fire      6%         6-21      38%         3
 Frozen Ramparts          Ice            12%        1d3       38%         3
 Inner Flame              Hex/Fire       6%         N/A       38%         3
 Ozocubu's Armour         Ice            6%         N/A       38%         3
 Summon Guardian Golem    Hex/Summ       6%         N/A       38%         3
 Irradiate                Conj/Tmut      9%         3d17      45%         5
 Manifold Assault         Tloc           14%        N/A       75%         5
 Flame Wave               Conj/Fire      6%         2d5       80%         4
 Fulminant Prism          Conj/Hex       3%         3d6       80%         4
 Hailstorm                Conj/Ice       6%         3d4       80%         4
 Sticky Flame             Conj/Fire      6%         2d3       80%         4
 Dragon Form              Tmut           16%        N/A       89%         7
 Fireball                 Conj/Fire      3%         3d4       98%         5
 Metabolic Englaciation   Hex/Ice        3%         N/A       98%         5
 Summon Mana Viper        Hex/Summ       6%         N/A       98%         5
 Simulacrum               Ice/Necr       7%         N/A       99%         6
 Iron Shot                Conj/Erth      3%         9d2       100%        6
 Malign Gateway           Summ/Tloc      5%         N/A       100%        7
 Orb of Destruction       Conj           3%         9d5       100%        7
 Ozocubu's Refrigeration  Ice            3%         4d5       100%        7
 Spellforged Servitor     Conj/Summ      3%         N/A       100%        7
 Chain Lightning          Conj/Air       11%        3d15      100%        9
 Fire Storm               Conj/Fire      3%         8d1       100%        9
 Shatter                  Erth           3%         3d7*      100%        9
 Animate Armour           Summ/Erth      Unusable   N/A       N/A         4

Inventory:

Hand Weapons
 o - the +8 rapier of the Five Mice {holy, rC+ Dex+4, short}
   (You found it on level 6 of the Lair of Beasts)

   It has been blessed by the Shining One to cause great damage to the undead
   and demons.
   Dex:       It affects your dexterity (+4).
   rC:        It protects you from cold.
 y - the +11 broad axe "Odako" (weapon) {freeze, rElec rF+ Will+, axe}
   (You found it in a Gauntlet)

   It freezes those it strikes, dealing additional cold damage.
   It can also slow down cold-blooded creatures.
   rF:        It protects you from fire.
   rElec:     It insulates you from electricity.
   Will:      It increases your willpower.
 Q - a +9 demon whip of pain {mace}
   (You found it on level 7 of the Dungeon)
Missiles
 k - 41 poisoned darts (quivered) {throwing}
 I - 5 atropa-tipped darts {throwing}
 W - 3 curare-tipped darts {=fthrowing}
Armour
 b - a +2 pair of boots of rampaging (worn)
   (You bought it in a shop on level 6 of the Lair of Beasts)
 g - a +2 pair of gloves (worn)
   (You found it on level 1 of the Dungeon)
 j - a +3 buckler of reflection (worn)
   (You bought it in a shop on level 6 of the Lair of Beasts)
 C - the +1 hat "Jonko" (worn) {+Inv Will+}
   (You found it in a Gauntlet)

   +Inv:      It lets you turn invisible.
   Will:      It increases your willpower.
 H - a +2 cloak of stealth (worn)
   (You found it on level 7 of the Dungeon)
Jewellery
 a - a +4 ring of protection
   (You found it on level 2 of the Lair of Beasts)
 e - a ring of protection from cold
   (You found it on level 2 of the Swamp)
 f - the ring of Contention (left hand) {rC++ rN+ rCorr Stlth+}
   (You found it on level 2 of the Lair of Beasts)

   [ring of resist corrosion]

   rC:        It greatly protects you from cold.
   rN:        It protects you from negative energy.
   rCorr:     It protects you from acid and corrosion.
   Stlth:     It makes you more stealthy.
 G - the ring "Lystriu" (right hand) {rElec rPois EV+4}
   (You took it off a minotaur in a Gauntlet)

   [ring of evasion]

   EV:        It affects your evasion (+4).
   rElec:     It insulates you from electricity.
   rPois:     It protects you from poison.
 L - a +4 ring of evasion
   (You took it off a gnoll shaman on level 7 of the Dungeon)
 M - an amulet of guardian spirit (around neck)
   (You found it on level 7 of the Dungeon)
 N - a ring of ice
   (You found it on level 3 of the Swamp)
 T - a ring of wizardry
   (You took it off a kobold on level 8 of the Dungeon)
Wands
 i - a wand of polymorph (14)
   (You found it on level 2 of the Swamp)
 m - a wand of digging (9)
   (You found it on level 12 of the Dungeon)
 D - a wand of acid (26)
   (You found it on level 6 of the Dungeon)
 J - a wand of iceblast (21)
   (You took it off an orc wizard on level 7 of the Dungeon)
 P - a wand of mindburst (12)
   (You found it in a Gauntlet)
Scrolls
 d - 3 scrolls of vulnerability {!r!r}
 n - 4 scrolls of enchant weapon
 p - 10 scrolls of teleportation {@r4}
 s - 2 scrolls of blinking {unknown}
 t - 3 scrolls of fog
 u - 5 scrolls of immolation {!r!r}
 w - 3 scrolls of brand weapon
 x - a scroll of silence {unknown}
 B - 7 scrolls of magic mapping {!r}
 O - 2 scrolls of torment {unknown}
 V - 2 scrolls of summoning {unknown}
 X - 4 scrolls of fear
Potions
 c - 3 potions of might
 h - 3 potions of mutation {!q}
 l - 3 potions of haste {@q3}
 r - 4 potions of flight
 v - a potion of magic
 z - 3 potions of invisibility {unknown}
 A - 5 potions of curing {@q1}
 E - 4 potions of ambrosia
 K - 2 potions of lignification {unknown}
 S - a potion of degeneration {unknown}
 U - 2 potions of cancellation {unknown}
 Y - 2 potions of attraction {unknown}
 Z - 4 potions of brilliance {unknown}
Miscellaneous
 F - a lightning rod (4/4)
   (You found it on level 10 of the Dungeon)
 R - a phial of floods (inert)
   (You found it on level 7 of the Dungeon)

Dungeon Overview and Level Annotations

Branches:
Dungeon (12/15)            Temple (1/1) D:7            Lair (6/6) D:9
  Swamp (4/4) Lair:2       Spider (0/4) Lair:4        Slime (0/5) Lair:5
    Orc (2/2) D:10            Elf (0/3) Orc:2       Gauntlet (visited)

Altars:
Ashenzari
Cheibriados
Dithmenos
Elyvilon
Fedhas
Gozag
Hepliaklqana
Kikubaaqudgha
Makhleb
Nemelex Xobeh
Okawaru
Qazlal
Ru
Sif Muna
Trog
Uskayaw
Vehumet
Wu Jian
Xom
Yredelemnul
Zin
The Shining One

Shops:
Orc:2 (=**   Lair:6 [

Portals:
Hell: Lair:6
Pandemonium: Orc:2

Annotations:
D:4 exclusion: ogre
D:7 2 runed translucent doors
Swamp:4 Louise

♣♣♣Z≈≈.≈..≈
♣♣≈§§♣♣..♣≈ ♣♣♣..♣♣♣
♣≈.n.♣♣
♣♣♣♣♣♣♣≈.≈≈.≈♣♣
..nZ§.♣
♣≈≈≈♣§≈≈≈≈≈.♣
≈≈≈.≈♣♣
♣♣♣.≈≈≈≈≈≈≈≈≈.♣
≈.§≈.♣
♣≈≈≈≈≈≈.≈≈≈≈≈.♣
≈..ZZ♣
.≈≈≈....≈≈...♣≈≈
Zn♣...
≈≈≈≈≈≈.D≈§.≈...≈
≈.♣.≈.. ≈≈.n≈Z.x@≈≈♣
≈≈..≈≈.≈≈≈..≈≈§§§R§♣
≈ .....≈≈≈..≈≈§§§§♣♣
Z
^♣.♣♣≈≈≈.≈≈§§§§§§.≈♣
≈..≈§§§§§§§≈≈♣
♣♣≈...§≈≈≈≈.♣♣
♣♣≈..≈≈≈≈≈♣♣
♣♣♣♣♣..≈§♣ ♣♣♣♣♣♣


You could see a bunyip, an eleionoma, a swamp dragon (unaware), a bog body and a
swamp worm zombie.


Message History

You regained 14 hp, and now have 63/147 hp.
You lost 1 mp, and now have 3/30 mp.
You barely miss the bog body. You slash the swamp worm zombie!
Your surroundings suddenly seem different.
A swamp dragon, an eleionoma, an alligator and a bog body come into view.
The bog body casts a spell at you. The bolt of cold misses you.
The swamp dragon breathes poison at you. 😨 HP[+1]
As you read the scroll of fog, it crumbles to dust.
The scroll dissolves into smoke.
The alligator is engulfed in freezing vapours.
A bunyip comes into view. 😨 MP[+1]
The alligator is engulfed in poison gas.
The alligator is poisoned.
The alligator closely misses you. The alligator tail-slaps you.
* * * LOW HITPOINT WARNING * * *
😨 HP[-2]
You take 2 damage, and now have 62/147 hp.
The eleionoma shouts!
You slice the alligator!! You freeze the alligator.
You feel stable enough to blink again.
You hear a hideous shriek!
The alligator is engulfed in poison gas.
The alligator looks even sicker.
The alligator puts on a burst of speed!
The alligator is engulfed in poison gas.
The alligator looks even sicker.
You block the alligator's attack. x2 😨 HP[+1]
You slash the alligator!
The alligator seems to slow down.
You freeze the alligator.
You kill the alligator!
The bunyip is distracted by your dazzling golden aura.
A swamp worm zombie comes into view.
The swamp dragon is distracted by your dazzling golden aura.
The bunyip is no longer distracted by gold.
The bog body casts a spell at you. The bolt of cold hits you. You resist.
* * * LOW HITPOINT WARNING * * *
You hear a deafening roar! 😨 HP[-1]
You take 1 damage, and now have 62/147 hp.
You hit the bog body.
You hear a hideous shriek!
You block the bog body's attack. 😨 HP[+1]
You slice the bog body!! You freeze the bog body.
You destroy the bog body!
Your Translocations skill increases to level 3!
You rampage towards the swamp dragon!
You completely miss the swamp dragon. You tail-slap the swamp dragon.
You completely miss the bunyip.
The bunyip is distracted by your dazzling golden aura.
The eleionoma flows through the trees.
You block the swamp dragon's attack.
The swamp dragon claws you but does no damage.
You block the swamp dragon's attack. 😨 HP[+1]
You closely miss the eleionoma.
The bunyip gives a hideous shriek!
You slash the bunyip! You freeze the bunyip.
The bunyip is no longer distracted by gold.
You slice the swamp dragon!! You freeze the swamp dragon!
The eleionoma hits you!
* * * LOW HITPOINT WARNING * * *
The swamp dragon bites you.
* * * LOW HITPOINT WARNING * * *
The swamp dragon claws you but does no damage.
The swamp dragon tramples you!
* * * LOW HITPOINT WARNING * * *
You hold your ground!
The bunyip claws you!
* * * LOW HITPOINT WARNING * * *
The bunyip claws you!
* * * LOW HITPOINT WARNING * * *
The bunyip claws you!!
* * * LOW HITPOINT WARNING * * *
The swamp worm zombie is distracted by your dazzling golden aura. 😱 HP[-62] MP[-4]
You take 62 damage, and now have 2/147 hp.
MASSIVE DAMAGE!! (PAUSE)
You lost 4 mp, and now have 0/30 mp.
You feel much better.
You have got your breath back.
The swamp dragon is distracted by your dazzling golden aura.
The eleionoma hits you!
* * * LOW HITPOINT WARNING * * *
😱 HP[+16]
You regained 16 hp, and now have 18/147 hp.
Activating: Breathe Lightning (1% risk of failure)
Press: ? - help, Dir - look around, f - activate You breathe a wild blast of lightning!
You hear a mighty clap of thunder!
The bolt of lightning hits the bunyip!!
You smell burning wood.
The orb of electricity explodes!
The orb of electricity engulfs the eleionoma!!
The orb of electricity engulfs you! You resist.
* * * LOW HITPOINT WARNING * * *
The orb of electricity explodes!
The orb of electricity engulfs the bunyip.
The orb of electricity engulfs you! You resist.
You die...
Your body crumbles into a pile of gold.

Skill      XL: |  1  2  3  4  5  6  7  8  9 10 11 12 13 14 15 16 |
---------------+-------------------------------------------------+-----
Dodging        | 3 4 5 6 8 10 | 10.6
Spellcasting   | 1 2 3 4 5 7 9 10 | 10.1
Fighting       | 4 5 6 7 8 10 12 13 14 | 14.6
Axes           | 3 4 5 6 |  6.3
Shields        | 4 |  4.4
Transmutations | 2 3 4 6 8 10 | 10.0
Evocations     | 2 3 4 5 6 8 9 |  9.2
Maces & Flails | 2 4 7 9 11 | 11.2
Air Magic      | 3 7 10 12 13 | 13.3
Necromancy     | 2 5 6 |  6.0
Translocations | 3 |  3.0

Action                   |  1- 3 |  4- 6 |  7- 9 | 10-12 | 13-15 | 16-18 || total
-------------------------+-------+-------+-------+-------+-------+-------++-------
Melee: War axe           |   110 |   193 |   213 |       |       |       ||   516
       Tailslap          |     9 |    23 |    35 |   107 |   186 |    31 ||   391
       Demon whip        |       |       |    66 |   624 |   382 |    24 ||  1096
       Broad axe         |       |       |       |       |   745 |   148 ||   893
Throw: Dart              |       |     5 |     3 |    13 |    10 |    10 ||    41
 Cast: Blink             |       |       |       |       |     1 |     1 ||     2
Invok: Call Merchant     |       |       |       |       |     1 |       ||     1
 Abil: Breathe Lightning |       |       |    14 |    22 |    34 |     2 ||    72
Evoke: Wand              |       |       |       |       |    11 |       ||    11
       Lightning rod     |       |       |       |       |     4 |       ||     4
       Phial of floods   |       |       |       |       |     1 |     2 ||     3
  Use: Scroll            |       |     5 |       |     7 |    10 |     4 ||    26
       Potion            |       |     1 |       |       |     5 |     3 ||     9
 Stab: Sleeping          |       |     2 |     1 |     1 |     5 |     3 ||    12
       Distracted        |       |       |     3 |     6 |    14 |     2 ||    25
Armor: Skin              |    60 |    87 |   113 |   182 |   353 |    77 ||   872
Dodge: Dodged            |    77 |   181 |   259 |   370 |   943 |   144 ||  1974
Block: Buckler           |    21 |    63 |   101 |   110 |   294 |    71 ||   660
       Reflection        |       |       |       |       |     5 |     3 ||     8

Levels and vault maps discovered:
D:1:      onia_arrival_mini_spirals, layout_rooms,
          hellmonk_ecumenical_altar_leap_of_faith, chequers_mini_garden
D:2:      layout_loops_ring, minmay_randomly_rotated_circles
D:3:      layout_loops_ring, kennysheep_small_spiral
D:4:      minmay_inner_zag, layout_loops_ring, kennysheep_diamond
D:5:      layout_loops_ring, uniq_ijyb
D:6:      layout_loops_ring
D:7:      layout_loops_ring, minmay_temple_entry_ruins,
          hangedman_decor_diamond_cutter, minmay_hollow_rounded_squares
D:8:      layout_loops_ring, minmay_crystal_room, patterned_corridor, uniq_pikel
D:9:      minmay_weird_star, layout_basic, minmay_lair_entry_grove
D:10:     minmay_evil_eye, layout_cave_pools, nzn_hepliaklqana_mist_gate,
          orc_0_dummy, kennysheep_generic_room_7
D:11:     layout_big_octagon, grunt_ogre_cave, chei_slow_surprise
D:12:     layout_basic, minmay_mirror_moons_of_madness
Temple:   mainiacjoe_temple_trianglar_array
Lair:1:   layout_chaotic_city, serial_bayou_lake_a, grunt_megastairs_4
Lair:2:   layout_gridlike, nicolae_swamp_entry_splash_gauntlet
Lair:3:   layout_cave_pods, lemuel_fruit_fields
Lair:4:   layout_regular_city, spider_nest_entry_rubble, serial_bayou_shore_a,
          infiniplex_staircase_pool_2
Lair:5:   nzn_winding_woodlands_cross [nzn_winding_woodlands_5x15_eye,
          nzn_winding_woodlands_5x15_jagged,
          nzn_winding_woodlands_5x15_pathside_ponds,
          nzn_winding_woodlands_5x15_default,
          nzn_winding_woodlands_15x15_killbox], layout_gridlike,
          minmay_slime_entry_oklob_enclosed
Lair:6:   evil_forest, layout_cave_pods, gauntlet_entry_generic, serial_forest,
          infiniplex_forest_lined_3, infiniplex_forest_lined_4_way,
          infiniplex_forest_clump_tiny, infiniplex_forest_lined_2,
          infiniplex_forest_corner_1, infiniplex_forest_lined_room_3,
          infiniplex_forest_straight_2, infiniplex_staircase_pool
Swamp:1:  layout_falls_marsh, nicolae_swamp_some_circles, swamp_pool1,
          uniq_mlioglotl, uniq_kirke
Swamp:2:  layout_falls_marsh, serial_swamp_ruin, evilmike_swamp_ruin_rubble_2,
          evilmike_swamp_ruin_wall, evilmike_swamp_ruin_rubble_1
Swamp:3:  layout_basic_swamp, evilmike_swamp_ruin_house_6, swamp_pool1,
          hangedman_swamp_diagram, cheibrodos_swamp_minitomb, uniq_nikola
Swamp:4:  swamp_pestilence, layout_basic_swamp, uniq_louise
Orc:1:    layout_diamond_mine, basic_altar
Orc:2:    pf_orc_diabolical, layout_diamond_mine

Notes
Turn   | Place    | Note
-------+----------+-------------------------------------------
     0 | D:1      | GrayStillPlays the Draconian Fighter began the quest for
                  | the Orb.
     0 | D:1      | Reached XP level 1. HP: 19/19 MP: 1/1
     0 | D:1      | magus.rc [v1.9.6]
    46 | D:1      | HP: 3/19 [dart slug/slug dart (6)]
    47 | D:1      | Reached XP level 2. HP: 4/26 MP: 2/2
   579 | D:1      | Reached skill level 3 in Dodging
   597 | D:1      | You fall into a shaft and drop 1 floor!
   632 | D:2      | Reached XP level 3. HP: 30/31 MP: 3/3
   765 | D:1      | Found a faded altar of an unknown god.
  1274 | D:2      | Reached XP level 4. HP: 35/40 MP: 5/5
  1346 | D:2      | You pick up a book of the Tundra and begin reading...
  1346 | D:2      | You add the spells Hailstorm, Ice Form and Simulacrum to
                  | your library.
  1706 | D:2      | Reached skill level 1 in Spellcasting
  1770 | D:3      | Reached skill level 4 in Fighting
  2047 | D:3      | You add the spells Ozocubu's Armour and Ozocubu's
                  | Refrigeration to your library.
  2106 | D:3      | Reached XP level 5. HP: 31/46 MP: 5/7
  2110 | D:3      | Reached skill level 3 in Axes
  2236 | D:3      | You pick up a book of Dangerous Friends and begin
                  | reading...
  2236 | D:3      | You add the spells Summon Guardian Golem, Orb of
                  | Destruction and Spellforged Servitor to your library.
  2463 | D:3      | You pick up a book of Iron and begin reading...
  2463 | D:3      | You add the spells Blade Hands and Iron Shot to your
                  | library.
  3099 | D:4      | Reached skill level 4 in Shields
  3304 | D:4      | Noticed an ogre
  3325 | D:4      | Noticed an ogre
  3328 | D:4      | Reached skill level 2 in Spellcasting
  3328 | D:4      | Reached XP level 6. HP: 53/53 MP: 7/9
  3987 | D:4      | Found a bloodstained altar of Trog.
  4049 | D:5      | Entered Level 5 of the Dungeon
  4065 | D:5      | HP: 13/53 [poisoned by a scorpion]
  4070 | D:5      | HP: 7/53 [poisoned by a scorpion]
  4374 | D:5      | HP: 11/53 [ufetubus (5)]
  4482 | D:5      | Noticed an acid dragon
  4614 | D:6      | Reached skill level 4 in Dodging
  4614 | D:6      | Your scales start taking on a glossy black colour.
  4614 | D:6      | Reached XP level 7. HP: 57/60 MP: 10/10
  4614 | D:6      | Gained mutation: You are resistant to electric shocks.
                  | (rElec) [Black Draconian growth]
  4619 | D:6      | Learned a level 4 spell: Ice Form
  4676 | D:6      | Reached skill level 5 in Fighting
  4862 | D:6      | Reached skill level 4 in Axes
  4883 | D:6      | Reached skill level 1 in Transmutations
  4883 | D:6      | Reached skill level 1 in Evocations
  5141 | D:6      | Reached skill level 3 in Spellcasting
  5680 | D:7      | Reached skill level 2 in Transmutations
  5680 | D:7      | Reached skill level 2 in Evocations
  5680 | D:7      | Reached XP level 8. HP: 50/69 MP: 12/12
  6167 | D:7      | Found a staircase to the Ecumenical Temple.
  6176 | Temple   | Entered the Ecumenical Temple
  6547 | Temple   | Became a worshipper of Gozag Ym Sagoz the Greedy
  6611 | D:7      | Found a large runed translucent door.
  6612 | D:7      | Found a large runed translucent door.
  6629 | D:7      | Found a large runed translucent door.
  6629 | D:7      | Found a large runed translucent door.
  6746 | D:7      | Reached skill level 6 in Fighting
  6796 | D:7      | Reached skill level 5 in Dodging
  6873 | D:7      | Reached skill level 5 in Axes
  6873 | D:7      | Reached skill level 3 in Transmutations
  7252 | D:7      | Reached skill level 4 in Spellcasting
  7260 | D:7      | Reached skill level 3 in Evocations
  7275 | D:7      | Noticed a troll
  7283 | D:7      | Reached XP level 9. HP: 29/77 MP: 5/15
  7541 | D:7      | Killed a troll
  7759 | D:7      | Reached skill level 4 in Transmutations
  7808 | D:7      | Reached skill level 1 in Maces & Flails
  7808 | D:7      | Reached skill level 4 in Evocations
  8302 | D:8      | Reached skill level 7 in Fighting
  8302 | D:8      | Reached skill level 5 in Spellcasting
  8305 | D:8      | Noticed Pikel
  8316 | D:8      | Killed Pikel
  8317 | D:8      | Reached skill level 2 in Maces & Flails
  8317 | D:8      | Reached skill level 6 in Dodging
  8438 | D:8      | Reached XP level 10. HP: 84/86 MP: 16/18
  8454 | D:8      | Reached skill level 5 in Transmutations
  8746 | D:8      | Noticed a two-headed ogre
  8765 | D:8      | Killed a two-headed ogre
  8766 | D:8      | Reached skill level 3 in Maces & Flails
  8766 | D:8      | Reached skill level 5 in Evocations
  9487 | D:9      | You add the spells Blink, Manifold Assault and Storm Form
                  | to your library.
  9493 | D:9      | Reached skill level 8 in Fighting
  9506 | D:9      | Learned a level 7 spell: Storm Form
  9565 | D:8      | Reached skill level 1 in Air Magic
  9680 | D:9      | Reached skill level 1 in Necromancy
  9703 | D:9      | Reached skill level 4 in Maces & Flails
  9709 | D:9      | Reached skill level 2 in Air Magic
  9725 | D:9      | Reached skill level 6 in Transmutations
  9983 | D:9      | Found a staircase to the Lair.
 10022 | D:8      | Reached skill level 2 in Necromancy
 10130 | D:8      | Reached skill level 3 in Air Magic
 10447 | D:9      | You pick up a book of Conjurations {@e2} and begin
                  | reading...
 10447 | D:9      | You add the spells Magic Dart, Searing Ray and Fulminant
                  | Prism to your library.
 10599 | D:9      | Reached XP level 11. HP: 71/95 MP: 14/19
 10905 | Lair:1   | Entered Level 1 of the Lair of Beasts
 10945 | Lair:1   | Reached skill level 3 in Necromancy
 11114 | Lair:1   | Reached skill level 5 in Maces & Flails
 11121 | Lair:1   | Reached skill level 4 in Air Magic
 11130 | Lair:1   | Reached skill level 9 in Fighting
 11188 | Lair:1   | Noticed a five-headed hydra
 11497 | Lair:1   | Killed a five-headed hydra
 11794 | Lair:1   | Reached skill level 4 in Necromancy
 11796 | Lair:1   | Reached skill level 5 in Air Magic
 11859 | Lair:1   | Reached skill level 6 in Maces & Flails
 12469 | Lair:1   | Reached skill level 6 in Air Magic
 12478 | Lair:1   | Reached skill level 5 in Necromancy
 12829 | Lair:2   | Noticed a four-headed hydra
 12835 | Lair:2   | Reached skill level 10 in Fighting
 12841 | Lair:2   | Killed a four-headed hydra
 13220 | Lair:2   | Reached skill level 7 in Maces & Flails
 13246 | Lair:2   | Reached skill level 7 in Air Magic
 13246 | Lair:2   | Reached XP level 12. HP: 94/107 MP: 17/20
 13332 | Lair:2   | Reached skill level 6 in Necromancy
 13896 | Lair:2   | Reached skill level 8 in Air Magic
 14006 | Lair:3   | Noticed a six-headed hydra
 14033 | Lair:1   | Killed a six-headed hydra
 14034 | Lair:1   | Reached skill level 11 in Fighting
 14215 | Lair:2   | Reached skill level 8 in Maces & Flails
 14731 | Lair:3   | Reached skill level 9 in Air Magic
 15896 | Lair:4   | Reached skill level 9 in Maces & Flails
 15973 | Lair:4   | You pick up a book of Transfigurations {@e2} and begin
                  | reading...
 15973 | Lair:4   | You add the spells Irradiate and Dragon Form to your
                  | library.
 15986 | Lair:4   | Reached skill level 12 in Fighting
 16014 | Lair:4   | Noticed an eight-headed hydra
 16028 | Lair:4   | Reached skill level 10 in Air Magic
 16067 | Lair:4   | Killed an eight-headed hydra
 16073 | Lair:4   | Reached XP level 13. HP: 64/118 MP: 15/21
 16641 | Lair:4   | Found a hole to the Spider Nest.
 17873 | Lair:5   | Reached skill level 10 in Maces & Flails
 17972 | Lair:5   | Reached skill level 11 in Air Magic
 18076 | Lair:5   | Reached skill level 13 in Fighting
 19479 | Lair:6   | Entered Level 6 of the Lair of Beasts
 19515 | Lair:6   | Reached skill level 12 in Air Magic
 19559 | Lair:5   | Reached skill level 11 in Maces & Flails
 19635 | Lair:6   | Found a gate leading to a gauntlet.
 19644 | Gauntlet | Entered a Gauntlet
 19644 | Gauntlet | Found a transporter.
 19742 | Gauntlet | Found a transporter.
 19744 | Gauntlet | Found a transporter.
 19746 | Gauntlet | Found a transporter.
 19748 | Gauntlet | Noticed a balrug
 19759 | Gauntlet | Found a transporter.
 19774 | Gauntlet | Found a transporter.
 19781 | Gauntlet | Found a transporter.
 19802 | Gauntlet | Found a transporter.
 19803 | Gauntlet | Noticed an entropy weaver
 19815 | Gauntlet | Found a transporter.
 19831 | Gauntlet | Found a transporter.
 19843 | Gauntlet | Found a transporter.
 19855 | Gauntlet | Found a transporter.
 19867 | Gauntlet | Found a transporter.
 19890 | Gauntlet | Found a transporter.
 19907 | Gauntlet | Found a transporter.
 19909 | Gauntlet | Found a transporter.
 19937 | Gauntlet | Found a transporter.
 19939 | Gauntlet | Found a transporter.
 20395 | Gauntlet | Identified the +11 broad axe "Odako" {freeze, rElec rF+
                  | Will+}
 20528 | Gauntlet | Killed an entropy weaver
 20529 | Gauntlet | Gained mutation: Your large and strong wings let you fly.
                  | [Black Draconian growth]
 20529 | Gauntlet | Reached XP level 14. HP: 122/130 MP: 20/22
 20545 | Gauntlet | You pick up a book of Annihilations and begin reading...
 20545 | Gauntlet | You add the spells Chain Lightning, Fire Storm and Shatter
                  | to your library.
 20549 | Gauntlet | Identified the +1 hat "Jonko" {+Inv Will+}
 20605 | Gauntlet | Identified the ring "Lystriu" {rElec rPois EV+4}
 21048 | Gauntlet | You add the spells Pain, Corpse Rot, Excruciating Wounds
                  | and Malign Gateway to your library.
 21048 | Gauntlet | Got the Disquisition on Dark Summoning
 21048 | Gauntlet | You add the spells Summon Small Mammal, Frozen Ramparts,
                  | Metabolic Englaciation and Summon Mana Viper to your
                  | library.
 21048 | Gauntlet | Got Daduer's Guide on Cold and Creation
 21086 | Lair:6   | Reached skill level 6 in Spellcasting
 21089 | Lair:6   | Reached skill level 6 in Axes
 21093 | Lair:6   | Reached skill level 14 in Fighting
 21099 | Lair:6   | Identified the +8 rapier of the Five Mice {holy, rC+ Dex+4}
 21422 | Lair:6   | Reached skill level 7 in Dodging
 22127 | Lair:6   | Reached skill level 7 in Transmutations
 22213 | Lair:6   | Found a burning altar of Makhleb.
 22463 | Lair:6   | Found a gateway to Hell.
 22470 | Lair:6   | Identified the +2 scimitar "Murmur" {vorpal, rC+ rN+}
 22652 | Lair:6   | Reached skill level 7 in Spellcasting
 23399 | Lair:6   | Bought a +0 buckler of reflection for 170 gold pieces
 23410 | Lair:6   | Bought a +2 pair of boots of rampaging for 430 gold pieces
 23518 | D:10     | Entered Level 10 of the Dungeon
 23799 | D:10     | You pick up a book of Flames and begin reading...
 23799 | D:10     | You add the spells Foxfire, Conjure Flame, Inner Flame and
                  | Flame Wave to your library.
 23814 | D:10     | Found a staircase to the Orcish Mines.
 23918 | D:10     | Found a hazy altar of Hepliaklqana.
 24468 | D:11     | Reached skill level 8 in Dodging
 24907 | D:11     | Found a snail-covered altar of Cheibriados.
 25006 | D:11     | Reached skill level 8 in Transmutations
 26000 | D:12     | Identified the +1 robe "Kuamess" {Str+3}
 26019 | D:12     | Reached skill level 6 in Evocations
 26028 | D:12     | Reached XP level 15. HP: 139/139 MP: 26/26
 26363 | D:12     | Reached skill level 8 in Spellcasting
 27351 | Orc:1    | Entered Level 1 of the Orcish Mines
 27450 | Orc:2    | Entered Level 2 of the Orcish Mines
 27457 | Orc:2    | Found a staircase to the Elven Halls.
 27626 | Orc:2    | Found Pososoth's General Store.
 27628 | Orc:2    | Found Ivvudem's General Store.
 27851 | Orc:2    | Reached skill level 9 in Dodging
 27866 | Orc:2    | Reached skill level 9 in Transmutations
 28190 | Orc:2    | Reached skill level 7 in Evocations
 28218 | Orc:2    | Identified a +1 robe of the Archmagi
 29538 | Orc:2    | Found Ikkoibui's Jewellery Shoppe.
 29538 | Orc:2    | Found a one-way gate leading to the halls of Pandemonium.
 29538 | Orc:2    | Found Igaschi's Antique Weapon Emporium.
 29998 | Orc:2    | Bought a scroll of identify for 32 gold pieces
 29999 | Orc:2    | magus.rc [v1.9.6]
 30272 | Lair:2   | Identified the ring of Contention {rC++ rN+ rCorr Stlth+}
 30432 | Lair:2   | Found a staircase to the Swamp.
 30760 | Lair:5   | Found a staircase to the Slime Pits.
 30981 | Swamp:1  | Entered Level 1 of the Swamp
 31000 | Swamp:1  | Noticed Mlioglotl
 31020 | Lair:2   | Noticed a tentacled starspawn
 31020 | Lair:2   | Noticed a tentacled starspawn
 31026 | Lair:2   | Killed Mlioglotl
 31435 | Swamp:1  | Reached skill level 9 in Spellcasting
 31533 | Swamp:1  | Noticed Kirke
 31548 | Swamp:1  | Killed Kirke
 31586 | Swamp:1  | Paralysed by a hornet for 1 turns
 31588 | Swamp:1  | Reached skill level 8 in Evocations
 31807 | Swamp:1  | Noticed a fenstrider witch
 31895 | Swamp:1  | Killed a fenstrider witch
 32904 | Swamp:2  | Reached skill level 10 in Transmutations
 33196 | Swamp:2  | You add the spells Mephitic Cloud, Sticky Flame and
                  | Fireball to your library.
 33196 | Swamp:2  | Got the Compendium of Combat Magic
 33201 | Swamp:2  | Learned a level 3 spell: Mephitic Cloud
 33204 | Swamp:2  | Learned a level 2 spell: Blink
 33214 | Swamp:2  | Reached skill level 10 in Dodging
 33515 | Swamp:2  | Reached XP level 16. HP: 59/147 MP: 15/29
 34705 | Swamp:3  | Noticed Nikola
 34734 | Swamp:3  | Killed Nikola
 35066 | Swamp:3  | Reached skill level 1 in Translocations
 35345 | Swamp:3  | Noticed a thorn hunter
 35388 | Swamp:3  | Killed a thorn hunter
 35389 | Swamp:3  | Reached skill level 13 in Air Magic
 35963 | Swamp:3  | Reached skill level 2 in Translocations
 35963 | Swamp:3  | Reached skill level 9 in Evocations
 36022 | Swamp:3  | Reached skill level 10 in Spellcasting
 37075 | Swamp:4  | Entered Level 4 of the Swamp
 37307 | Swamp:4  | Noticed Louise
 37335 | Swamp:4  | HP: 34/147 [alligator zombie (14)]
 37350 | Swamp:4  | Reached skill level 3 in Translocations
 37351 | Swamp:4  | HP: 35/147 [bunyip (6)]
 37351 | Swamp:4  | HP: 2/147 [bunyip (20)]
 37353 | Swamp:4  | Killed themself with a badly aimed orb of electricity

Vanquished Creatures
  Nikola (Swamp:3)
  Mlioglotl (Lair:2)
  Kirke (Swamp:1)
  A thorn hunter (Swamp:3)
  A fenstrider witch (Swamp:1)
  2 eleionomae
  An entropy weaver (Gauntlet)
  A minotaur (Gauntlet)
  A bunyip (Swamp:4)
  A shambling mangrove (Swamp:1)
  23 hydras
  2 boulder beetles
  A centaur warrior (D:12)
  2 demonspawn (Orc:2)
  5 alligators
  3 two-headed ogres
  A death scarab (Gauntlet)
  A death yak (Lair:6)
  4 orc high priests (Orc:2)
  2 sixfirhies
  A death drake (Swamp:2)
  5 skeletal warriors (D:12)
  A spriggan druid (Swamp:3)
  4 goliath frogs
  Pikel (D:8)
  9 bog bodies
  A wizard (Lair:6)
  5 swamp dragons
  3 orc knights (Orc:2)
  10 orc sorcerers (Orc:2)
  2 will-o-the-wisps
  2 manticores (D:12)
  2 wolf spiders
  2 oklob plants (Lair:5)
  2 cyclopes (D:11)
  An ugly thing (D:11)
  A moth of wrath (Gauntlet)
  6 black mambas
  10 elephants
  2 torpor snails
  2 gargoyles
  15 cane toads
  3 orange demons (Lair:6)
  A smoke demon (Lair:6)
  A minotaur zombie (Gauntlet)
  2 unseen horrors (D:12)
  5 rime drakes
  A swamp worm zombie (Swamp:4)
  15 komodo dragons
  3 ice devils
  A red devil (Orc:2)
  3 kobold demonologists
  10 hornets
  A bloated husk (Swamp:2)
  4 trolls
  7 polar bears
  4 tyrant leeches
  29 blink frogs
  8 dream sheep
  2 shadows (D:10)
  A jumping spider (Lair:4)
  7 spriggans
  A wraith (D:8)
  5 wyverns
  2 hogs (Swamp:1)
  85 yaks
  A spectral komodo dragon (Gauntlet)
  6 basilisks
  13 vampire mosquitoes
  A chaos spawn (Orc:2)
  A redback (Gauntlet)
  A warg (Orc:2)
  A steam dragon (D:7)
  17 swamp worms
  17 water moccasins
  4 acid dragons
  4 hell hounds (Lair:6)
  2 ice beasts
  23 orc warriors
  4 ogres
  2 swamp drakes
  A black bear (D:8)
  A necrophage (D:7)
  13 wolves
  10 centaurs
  A lemure (D:8)
  3 kobold brigands
  A gnoll sergeant (D:12)
  12 bullfrogs
  A scorpion (D:5)
  A wyvern skeleton (D:7)
  A troll zombie (Swamp:3)
  2 troll skeletons (Swamp:3)
  11 electric eels
  7 howler monkeys
  5 centaur zombies
  3 gnoll shamans (D:7)
  2 bullfrog zombies
  A centaur skeleton (D:7)
  2 hounds
  29 orc priests
  2 bullfrog skeletons
  3 jellies
  16 orc wizards
  2 howler monkey zombies
  6 adders
  20 gnolls
  2 ufetubi (D:5)
  An adder zombie (D:4)
  3 worms
  5 dart slugs
  41 orcs
  7 endoplasms
  5 giant cockroaches
  4 goblins
  9 hobgoblins
  4 jackals
  19 kobolds
  2 quokkas
  3 ball pythons
  9 bats
  6 frilled lizards
  7 rats
  A bush (Lair:5)
  2 butterflies (Lair:3)
  A starspawn tentacle (Lair:2)
727 creatures vanquished.

Vanquished Creatures (others)
  A swamp dragon (Swamp:3)
  An orc knight (Orc:2)
  A bloated husk (Swamp:3)
  A hog (Swamp:1)
  17 demonic plants (Gauntlet)
  4 foxfires
  63 fungi
  103 plants
  4 starspawn tentacles (Lair:2)
195 creatures vanquished.

Grand Total: 922 creatures vanquished

Table legend:
 A = Non-vault XP
 B = Vault XP
 C = Vault XP percentage of total XP
 D = Non-vault monster count
 E = Vault monster count
 F = Vault count percentage of total count
                 A         B        C        D         E       F
            +---------+---------+-------+---------+---------+-------
      Total |  112454 |   64930 |  36.6 |     519 |     207 |  28.5
            +---------+---------+-------+---------+---------+-------
        D:1 |      44 |       0 |   0.0 |      25 |       0 |   0.0
        D:2 |      53 |      22 |  29.3 |      16 |       6 |  27.3
        D:3 |     184 |       0 |   0.0 |      26 |       0 |   0.0
        D:4 |     131 |      49 |  27.2 |      14 |       4 |  22.2
        D:5 |     144 |       8 |   5.3 |       4 |       1 |  20.0
        D:6 |     591 |       0 |   0.0 |       8 |       0 |   0.0
        D:7 |    1302 |    1587 |  54.9 |      30 |      15 |  33.3
        D:8 |    2573 |    1903 |  42.5 |      25 |       7 |  21.9
        D:9 |    1439 |    1194 |  45.3 |      16 |       7 |  30.4
       D:10 |    3213 |    1386 |  30.1 |      21 |       5 |  19.2
       D:11 |    4606 |     121 |   2.6 |      21 |       1 |   4.5
       D:12 |    8944 |    4095 |  31.4 |      34 |       7 |  17.1
     Lair:1 |    6928 |    1612 |  18.9 |      31 |       8 |  20.5
     Lair:2 |    7116 |    4085 |  36.5 |      26 |       6 |  18.8
     Lair:3 |    5318 |       0 |   0.0 |      24 |       0 |   0.0
     Lair:4 |    9063 |     223 |   2.4 |      36 |       1 |   2.7
     Lair:5 |    7113 |    9217 |  56.4 |      18 |      22 |  55.0
     Lair:6 |   12531 |   11044 |  46.8 |      44 |      26 |  37.1
    Swamp:1 |    9686 |    2073 |  17.6 |      18 |       4 |  18.2
    Swamp:2 |   11195 |       0 |   0.0 |      27 |       0 |   0.0
    Swamp:3 |   11691 |    5364 |  31.5 |      23 |       8 |  25.8
    Swamp:4 |    5680 |     251 |   4.2 |       8 |       1 |  11.1
      Orc:2 |    2909 |   15596 |  84.3 |      24 |      66 |  73.3
   Gauntlet |       0 |    5100 | 100.0 |       0 |      12 | 100.0
            +---------+---------+-------+---------+---------+-------

Illustrated notes

Table legend:
 A = Kills in this place as a percentage of kills in entire the game.
 B = Kills by you in this place as a percentage of kills by you in the entire game.
 C = Kills by friends in this place as a percentage of kills by friends in the entire game.
 D = Other kills in this place as a percentage of other kills in the entire game.
 E = Experience gained in this place as a percentage of experience gained in the entire game.
 F = Experience gained in this place divided by the number of levels of this place that you have seen.
                   A       B       C       D       E      F
               +-------+-------+-------+-------+-------+----------------------
         Total | 100.0 | 100.0 |   N/A | 100.0 | 100.0 | 6822.5
       Dungeon |  40.4 |  40.6 |   N/A |   0.0 |  18.9 | 2799.1
          Lair |  33.3 |  33.5 |   N/A |   0.0 |  41.9 | 12375.0
         Swamp |  12.3 |  11.9 |   N/A |  75.0 |  25.9 | 11485.0
  Orcish Mines |  12.4 |  12.3 |   N/A |  25.0 |  10.4 | 9252.5
      Gauntlet |   1.7 |   1.7 |   N/A |   0.0 |   2.9 | 5100.0
               +-------+-------+-------+-------+-------+----------------------

Table legend: (Time is in decaauts)
 A = Elapsed time spent in this place.
 B = Non-inter-level travel time spent in this place.
 C = Inter-level travel time spent in this place.
 D = Time resting spent in this place.
 E = Time spent auto-exploring this place.
 F = Levels seen in this place.
 G = Mean time per level.
                   A        B        C        D        E       F      G
               +--------+--------+--------+--------+--------+-----+--------+
         Total |  37506 |  35562 |   1944 |   8108 |  18728 |  26 | 1442.5 |
       Dungeon |  14606 |  13706 |    900 |   2489 |   8065 |  12 | 1217.2 |
        Temple |    398 |    382 |     16 |      0 |    374 |   1 |  398.0 |
          Lair |  12368 |  11632 |    736 |   1934 |   7100 |   6 | 2061.3 |
         Swamp |   6001 |   5833 |    168 |   2454 |   1906 |   4 | 1500.2 |
  Orcish Mines |   2743 |   2620 |    123 |    764 |   1079 |   2 | 1371.5 |
      Gauntlet |   1388 |   1388 |      0 |    467 |    203 |   1 | 1388.0 |
               +--------+--------+--------+--------+--------+-----+--------+

Top non-repeatable levels by time:
 Swamp:2: 2729 daAuts
   Orc:2: 2624 daAuts
  Lair:1: 2491 daAuts
  Lair:6: 2374 daAuts
     D:7: 2289 daAuts
  Lair:2: 2175 daAuts
  Lair:5: 2153 daAuts
    D:12: 1871 daAuts
  Lair:4: 1850 daAuts
 Swamp:3: 1677 daAuts
     D:3: 1466 daAuts
     D:8: 1418 daAuts
Gauntlet: 1388 daAuts
  Lair:3: 1322 daAuts
 Swamp:1: 1318 daAuts
